 Dungeon Crawl Stone Soup version 0.28-a0-804-g60983d4ba9 (webtiles) character file.

Game seed: 16852661565030706817

259 vurker the Gusty (level 5, -1/23 HPs)
             Began as a Felid Air Elementalist on Nov 7, 2021.
             Was an Initiate of Vehumet.
             Slain by an orc (8 damage)
             ... on level 4 of the Dungeon.
             The game lasted 00:04:11 (5181 turns).

vurker the Gusty (Felid Air Elementalist)           Turns: 5181, Time: 00:04:12

Health: -1/23      AC:  1    Str:  4    XL:     5   Next: 94%
Magic:  6/21       EV: 17    Int: 17    God:    Vehumet [......]
Gold:   126        SH:  0    Dex: 17    Spells: 7/12 levels left
                                        Lives:  0   Deaths: 1

rFire   . . .      SeeInvis +   (weapon unavailable)
rCold   . . .      Faith    .   (shield unavailable)
rNeg    . . .      Spirit   .   (armour unavailable)
rPois   .          Reflect  .   (helmet unavailable)
rElec   .          Harm     .   (cloak unavailable)
rCorr   .          Rampage  .   (gloves unavailable)
Will    +....                   (boots unavailable)
Stlth   ++........              (no amulet)
HPRegen 0.07/turn               b - ring of magical power
MPRegen 0.17/turn               c - ring of willpower

@: quick
A: very small, claws 1, fangs 3, see invisible, speed 1, shaggy fur 1, stealthy
paws, no weapons or thrown items, no armour, multi-lived
a: Renounce Religion


You were on level 4 of the Dungeon.
You worshipped Vehumet.
Vehumet was noncommittal.
You visited 1 branch of the dungeon, and saw 4 of its levels.

You collected 126 gold pieces.

Inventory:

Jewellery
 b - a ring of magical power (left paw)
   (You found it on level 1 of the Dungeon)
 c - a ring of willpower (right paw)
   (You found it on level 1 of the Dungeon)
 k - a ring of flight
   (You found it on level 3 of the Dungeon)
Scrolls
 d - a scroll of immolation {unknown}
 e - 3 scrolls of identify {unknown}
 g - a scroll of teleportation {unknown}
 i - a scroll of noise {unknown}
 j - a scroll of magic mapping {unknown}
 l - a scroll of blinking {unknown}
 n - 2 scrolls of holy word {unknown}
Potions
 a - a potion of curing {unknown}
 f - 2 potions of resistance {unknown}
 h - a potion of brilliance {unknown}
 m - a potion of berserk rage {unknown}
 o - 2 potions of attraction {unknown}


   Skills:
 + Level 2.4 Fighting
 - Level 2.6 Dodging
 - Level 2.6 Stealth
 * Level 4.0 Spellcasting
 + Level 2.3 Conjurations
 * Level 4.3 Air Magic


You had 7 spell levels left.
You knew the following spells:

 Your Spells              Type           Power      Damage    Failure   Level
a - Shock                 Conj/Air       56%        1d6       4%          1
c - Airstrike             Air            9%         N/A       26%         4

Your spell library contained the following spells:

 Spells                   Type           Power      Damage    Failure   Level
 Static Discharge         Conj/Air       14%        N/A       6%          2
 Swiftness                Air            18%        N/A       8%          3


Dungeon Overview and Level Annotations

Branches:
Dungeon (4/15)             Temple (0/1) D:4

Altars:
Dithmenos
Hepliaklqana
Kikubaaqudgha
Nemelex Xobeh
Trog
Vehumet
Wu Jian
Xom

Shops:
D:2 *


Innate Abilities, Weirdness & Mutations

You have sharp claws.
You have razor-sharp teeth.
You have supernaturally acute eyesight. (SInv)
You cover ground quickly. (Speed+)
You are covered in fur. (AC +1)
Your paws help you pounce on unaware monsters.
You are incapable of wielding weapons or throwing items.
You cannot wear armour.
You gain extra lives every three experience levels.


Message History

You can't see any susceptible monsters within range! (Use Z to cast anyway.)
A centaur skeleton comes into view.
A centaur skeleton is nearby!
A centaur skeleton is nearby!
Aim: a centaur skeleton (wandering, hasn't noticed you, 100% to hit)
The zap hits the centaur skeleton.
Aim: a centaur skeleton (lightly damaged, 100% to hit)
The zap hits the centaur skeleton.
Aim: a centaur skeleton (lightly damaged, 100% to hit)
The zap hits the centaur skeleton.
Aim: a centaur skeleton (lightly damaged, 100% to hit)
You miscast Shock.
You are very lightly contaminated with residual magic.
Nothing appears to happen.
Aim: a centaur skeleton (lightly damaged, 100% to hit)
The zap hits the centaur skeleton.
The centaur skeleton completely misses you.
The centaur skeleton kicks you.
Aim: a centaur skeleton (moderately damaged, 100% to hit)
The zap hits the centaur skeleton.
The centaur skeleton hits you.
The centaur skeleton kicks you but does no damage.
Aim: a centaur skeleton (heavily damaged, 100% to hit)
The zap hits the centaur skeleton.
The centaur skeleton barely misses you. x2
An orc comes into view. It is wielding a +0 falchion.
Aim: a centaur skeleton (severely damaged, 100% to hit)
The zap hits the centaur skeleton.
The centaur skeleton closely misses you.
The centaur skeleton barely misses you.
The centaur skeleton completely misses you.
The centaur skeleton closely misses you.
Aim: a centaur skeleton (almost destroyed, 100% to hit)
The zap hits the centaur skeleton.
The centaur skeleton hits you. The centaur skeleton kicks you.
Aim: a centaur skeleton (almost destroyed, 100% to hit)
The zap hits the centaur skeleton.
The centaur skeleton closely misses you.
The centaur skeleton completely misses you.
Your magical contamination has completely faded away.
Aim: a centaur skeleton (almost destroyed, 100% to hit)
The zap hits the centaur skeleton.
You destroy the centaur skeleton!
Vehumet accepts your kill.
Your Spellcasting skill increases to level 4!
An orc is nearby!
Aim: an orc, wielding a +0 falchion (71% to hit)
The zap hits the orc.
The orc hits you with a +0 falchion!
* * * LOW HITPOINT WARNING * * *
Aim: an orc, wielding a +0 falchion (almost dead, 71% to hit)
The zap misses the orc.
The orc hits you with a +0 falchion!
You die...

............## ####
.........#..###...#
...........(......#
............(...#..#
........####)..#.### .
...................#
..##.##.##[##.##....##
....#.........#.)..###
..............o@.....#.#
....#..⌠.).⌠..#........#
#..##.........##÷.....##
#........>............#
#...#.........#.........
#...#..⌠...⌠..#.......##
........................#
....##.........#........#
... ##^##.##.##........#


You could see an orc.

Vanquished Creatures
  A wyvern zombie (D:4)
  A gnoll shaman (D:3)
  A centaur skeleton (D:4)
  Natasha (thrice) (D:2)
  Robin (D:2)
  5 adders
  4 gnolls
  A worm (D:3)
  3 dart slugs (D:1)
  7 endoplasms
  4 giant cockroaches
  12 goblins
  3 hobgoblins (D:2)
  2 jackals (D:2)
  3 quokkas (D:1)
  5 ball pythons
  5 bats
  5 frilled lizards
  5 kobolds
  8 rats
79 creatures vanquished.

Vanquished Creatures (others)
  A withered plant (D:2)
1 creature vanquished.

Grand Total: 80 creatures vanquished

Notes
Turn   | Place    | Note
-------+----------+-------------------------------------------
     0 | D:1      | vurker the Felid Air Elementalist began the quest for the
                  | Orb.
     0 | D:1      | Reached XP level 1. HP: 7/7 MP: 4/4
    83 | D:1      | Reached skill level 1 in Conjurations
   230 | D:1      | Reached XP level 2. HP: 11/11 MP: 3/6
   766 | D:1      | Reached XP level 3. HP: 13/15 MP: 7/7
  1153 | D:2      | Reached skill level 1 in Fighting
  1408 | D:2      | Noticed Robin
  1429 | D:2      | Killed Robin
  1430 | D:2      | Reached XP level 4. HP: 17/19 MP: 8/9
  1802 | D:2      | Found a faded altar of an unknown god.
  1802 | D:2      | Noticed Natasha
  1810 | D:2      | Killed Natasha
  1993 | D:2      | Found Juyjihich's Assorted Antiques.
  2821 | D:2      | Noticed Natasha
  2833 | D:2      | Killed Natasha
  2834 | D:2      | Reached XP level 5. HP: 15/22 MP: 9/11
  2997 | D:2      | Found a faded altar of an unknown god.
  3091 | D:2      | Noticed Natasha
  3104 | D:2      | Killed Natasha
  3413 | D:2      | Found Juyjihich's Assorted Antiques.
  4043 | D:3      | Found a hazy altar of Hepliaklqana.
  4046 | D:3      | Found an ornate altar of the Wu Jian Council.
  4047 | D:3      | Found a shimmering altar of Xom.
  4047 | D:3      | Found a sparkling altar of Nemelex Xobeh.
  4048 | D:3      | Found a shadowy altar of Dithmenos.
  4048 | D:3      | Found a bloodstained altar of Trog.
  4048 | D:3      | Found an ancient bone altar of Kikubaaqudgha.
  4049 | D:3      | Found a radiant altar of Vehumet.
  4057 | D:3      | Became a worshipper of Vehumet
  4727 | D:4      | Found a staircase to the Ecumenical Temple.
  4840 | D:4      | Mangled by a wyvern zombie
  4841 | D:4      | Reached XP level 4. HP: -6/19 MP: 16/19
  4849 | D:4      | Reached XP level 5. HP: 22/22 MP: 11/11
  5126 | D:3      | Learned a level 4 spell: Airstrike
  5181 | D:4      | Slain by an orc

Illustrated notes

Levels and vault maps discovered:
D:1:      psy_arrival_conway, layout_loops_ring, chequers_serial_rivers_small_a
D:2:      layout_basic, ebering_ecumenical_altar_petrified, serial_shops,
          nicolae_shop_stone, minmay_misc_feat_roman, uniq_natasha, uniq_robin
D:3:      layout_basic, grunt_temple_overflow_open, minmay_goblin_kobold_house
D:4:      layout_cave_pools, minmay_temple_entry_large_hall

Skill      XL: |  1  2  3  4  5 |
---------------+----------------+-----
Conjurations   | 1 2 |  2.3
Air Magic      | 3 4 |  4.3
Fighting       | 1 2 |  2.4
Spellcasting   | 3 4 |  4.0
Dodging        | |  2.6
Stealth        | |  2.6

Action                   |  1- 3 |  4- 6 || total
-------------------------+-------+-------++-------
Melee: Unarmed           |       |     3 ||     3
 Cast: Shock             |    70 |   155 ||   225
Armor: Skin              |       |     5 ||     5
Dodge: Dodged            |     7 |    39 ||    46

Table legend: (Time is in decaauts)
 A = Elapsed time spent in this place.
 B = Non-inter-level travel time spent in this place.
 C = Inter-level travel time spent in this place.
 D = Time resting spent in this place.
 E = Time spent auto-exploring this place.
 F = Levels seen in this place.
 G = Mean time per level.
                   A        B        C        D        E       F      G
               +--------+--------+--------+--------+--------+-----+--------+
         Total |   4518 |   4448 |     70 |    120 |   3858 |   4 | 1129.5 |
       Dungeon |   4518 |   4448 |     70 |    120 |   3858 |   4 | 1129.5 |
               +--------+--------+--------+--------+--------+-----+--------+

Top non-repeatable levels by time:
     D:2: 2361 daAuts
     D:1: 969 daAuts
     D:3: 892 daAuts
     D:4: 294 daAuts
